 Dungeon Crawl Stone Soup version 0.21.1-1-g345015f (webtiles) character file.

5568 microfolk the Transmogrifier (level 10, -5/109 HPs)
             Began as a Black Draconian Transmuter on May 10, 2018.
             Was an Initiate of Fedhas.
             Slain by a killer bee (8 damage)
             ... on level 9 of the Dungeon.
             The game lasted 00:32:07 (13752 turns).

microfolk the Transmogrifier (DrTm)                Turns: 13752, Time: 00:32:07

Health: -5/109     AC:  6    Str: 13    XL:     10   Next: 44%
Magic:  12/14      EV: 10    Int: 16    God:    Fedhas [......]
Gold:   618        SH:  0    Dex: 12    Spells: 5/15 levels left

rFire    x . .     SeeInvis .     - Unarmed
rCold    + + +     Gourm    .   (shield currently unavailable)
rNeg     . . .     Faith    .   (armour unavailable)
rPois    +         Spirit   .   (helmet currently unavailable)
rElec    .         Reflect  .   (cloak currently unavailable)
rCorr    .         Harm     .   (gloves currently unavailable)
MR       .....                  (boots currently unavailable)
Stlth    +.........             (no amulet)
HPRegen  0.28/turn              (no ring)
MPRegen  0.14/turn              (no ring)

@: lethally poisoned (-5 -> -8), about to teleport, ice-form
A: large, (breathe lightning), unfitting armour, AC +7
a: End Transformation, Fungal Bloom, Renounce Religion


You were on level 9 of the Dungeon.
You worshipped Fedhas.
Fedhas was noncommittal.
You were hungry.
You were a creature of crystalline ice.
You visited 2 branches of the dungeon, and saw 11 of its levels.

You collected 618 gold pieces.

Inventory:

Missiles
 a - 40 arrows
 f - 383 stones (quivered)
 i - 96 sling bullets
Armour
 m - a cursed +0 pair of gloves
 p - a +0 buckler
 D - a +0 pair of gloves
Magical Staves
 L - a cursed staff of death {unknown}
Jewellery
 s - a +5 ring of slaying {unknown}
 v - an uncursed amulet of regeneration {unknown}
 y - an uncursed ring of protection from fire {unknown}
 B - an uncursed amulet of faith {unknown}
 F - a +4 amulet of reflection {unknown}
Wands
 C - a wand of polymorph (14)
 G - a wand of iceblast (7)
Scrolls
 e - 5 scrolls of teleportation
 g - a scroll of magic mapping {unknown}
 h - 5 scrolls of immolation
 k - 3 scrolls of amnesia
 n - a scroll of enchant armour {unknown}
 t - a scroll of summoning {unknown}
 A - a scroll of remove curse {unknown}
 H - a scroll of noise {unknown}
 I - a scroll of fear {unknown}
 K - a scroll of identify
Potions
 j - 2 potions of heal wounds
 l - 2 potions of invisibility
 o - 2 potions of haste
 q - 3 potions of agility
 r - a potion of berserk rage
 u - 2 potions of flight
 w - 5 potions of brilliance
 x - a potion of ambrosia {unknown}
 z - 2 potions of mutation
 E - a potion of lignification {unknown}
 J - a potion of curing
Books
 b - a book of Changes

   Spells                             Type                      Level
   a - Beastly Appendage              Transmutation                1
   b - Sticks to Snakes               Transmutation                2
   c - Spider Form                    Transmutation/Poison         3
   d - Ice Form                       Ice/Transmutation            4
   e - Blade Hands                    Transmutation                5
Comestibles
 c - 10 rations


   Skills:
 + Level 9.2 Fighting
 - Level 1.7 Dodging
 + Level 9.0 Unarmed Combat
 - Level 3.1 Spellcasting
 + Level 9.5 Transmutations
 - Level 3.0 Ice Magic


You had 5 spell levels left.
You knew the following spells:

 Your Spells              Type           Power        Failure   Level  Hunger
a - Beastly Appendage     Tmut           ####..       1%          1    #......
b - Sticks to Snakes      Tmut           ####....     1%          2    ##.....
c - Spider Form           Tmut/Pois      ###.......   8%          3    ###....
d - Ice Form              Ice/Tmut       ###.....     14%         4    #####..


Dungeon Overview and Level Annotations

Branches:
Dungeon (10/15)            Temple (1/1) D:6             Orc (0/2) D:9
   Lair: D:8-11

Altars:
Ashenzari
Dithmenos
Elyvilon
Fedhas
Gozag
Hepliaklqana
Makhleb
Nemelex Xobeh
Okawaru
Qazlal
Sif Muna
Trog
Uskayaw
Vehumet
Wu Jian
Xom
Yredelemnul
Zin
The Shining One

Shops:
D:4 (   D:6 *

Annotations:
D:3 DasRunzen's ghost, weakling DgGl
D:4 exclusion: downstairs
D:6 exclusion: downstairs
D:7 exclusion: 3 downstairs
D:8 exclusion: downstairs, Tiareth's ghost, novice DESk
D:9 exclusion: downstairs, Yorethra's ghost, novice GrFi


Innate Abilities, Weirdness & Mutations

((You can breathe wild blasts of lightning.))
((Your glossy black scales are hard. (AC +7)))
You cannot fit into any form of body armour.
((You are resistant to electric shocks. (rElec)))
((You are cold-blooded and may be slowed by cold attacks.))


Message History

There is a stone staircase leading down here.
As you read the scroll labeled DUHIPE DEDUYR, it crumbles to dust.
The scroll dissolves into smoke.
It was a scroll of fog.
The killer bee stings you but does no damage.
The killer bee barely misses you. The killer bee stings you.
* * * LOW HITPOINT WARNING * * *
The killer bee barely misses you. The killer bee stings you!
* * * LOW HITPOINT WARNING * * *
The killer bee stings you but does no damage.
The killer bee barely misses you.
The killer bee stings you but does no damage.
As you read the scroll of teleportation, it crumbles to dust.
You feel strangely unstable. The killer bee stings you!
* * * LOW HITPOINT WARNING * * *
You are lethally poisoned!
The killer bee poisons you! The killer bee barely misses you.
The killer bee stings you but does no damage.
The killer bee barely misses you. The killer bee stings you!
You die...
Fedhas appreciates your contribution to the ecosystem.

################
#..............#
#..)........##.#####
#...........##.....#########
##########.####........)...#####
#.# #................. #.#
#§§§..............
########'####yy§.............[
#..........##Yy§..............
#..........##y##.####.###.....
#..........##§##....#.########
#..........##.##..###.........
#..........##.##..############
#(...).....##.###......#
#............)...###...#######
#...........#.................
#####....##.#....)####.######.


You could see 4 killer bees.

Vanquished Creatures
  Pikel (D:9)
  A troll (D:9)
  A hippogriff (D:9)
  A wyvern (D:8)
  A yak (D:9)
  Grum (D:8)
  2 ice beasts
  2 orc warriors
  A phantom (D:10)
  3 sky beasts
  3 ogres
  2 slaves (D:9)
  4 wolves
  4 centaurs
  A crocodile (D:5)
  6 bullfrogs
  A scorpion (D:5)
  6 killer bees
  A howler monkey (D:5)
  6 crimson imps
  A bullfrog zombie (D:7)
  5 hounds
  5 orc priests
  3 orc wizards
  Jessica (D:3)
  6 worker ants
  2 iguanas
  A howler monkey zombie (D:7)
  3 gnolls (D:2)
  6 adders
  A shadow imp (D:6)
  2 adder zombies
  4 worms
  2 dart slugs (D:1)
  10 leopard geckos
  19 orcs
  10 bats
  4 giant cockroaches
  A goblin (D:2)
  10 hobgoblins
  8 jackals
  4 quokkas
  3 frilled lizards
  A giant cockroach zombie (D:5)
  8 kobolds
  10 rats
178 creatures vanquished.

Vanquished Creatures (collateral kills)
  Prince Ribbit (D:8)
  A hippogriff (D:8)
  2 yaks (D:10)
  An orc warrior (D:8)
  A bullfrog (D:8)
  A scorpion (D:5)
  2 killer bees (D:10)
  A quasit (D:7)
  An orc wizard (D:8)
  2 adders (D:2)
  4 orcs
  A giant cockroach (D:2)
  A kobold (D:1)
19 creatures vanquished.

Vanquished Creatures (others)
  4 wandering mushrooms
  A necrophage (D:9)
  75 toadstools
80 creatures vanquished.

Grand Total: 277 creatures vanquished

Notes
Turn   | Place    | Note
-------+----------+-------------------------------------------
     0 | D:1      | microfolk the Draconian Transmuter began the quest for the Orb.
     0 | D:1      | Reached XP level 1. HP: 16/16 MP: 3/3
   189 | D:1      | Reached XP level 2. HP: 23/23 MP: 3/5
   193 | D:1      | Learned a level 2 spell: Sticks to Snakes
   811 | D:2      | Reached XP level 3. HP: 25/29 MP: 4/6
   822 | D:2      | Learned a level 3 spell: Spider Form
  1627 | D:2      | Reached XP level 4. HP: 29/36 MP: 5/7
  1808 | D:2      | You fall through a shaft!
  2108 | D:3      | Noticed DasRunzen's ghost (weakling DgGl)
  3256 | D:3      | Noticed Jessica
  3274 | D:3      | Killed Jessica
  3274 | D:3      | Reached XP level 5. HP: 26/42 MP: 6/9
  3407 | D:3      | Found a bloodstained altar of Trog.
  3742 | D:4      | Found an ornate altar of the Wu Jian Council.
  3753 | D:4      | Found Voppueme's Weapon Shoppe.
  3986 | D:4      | Found an iron altar of Okawaru.
  4489 | D:5      | Entered Level 5 of the Dungeon
  4509 | D:5      | Noticed a crocodile
  4521 | D:5      | Killed a crocodile
  4521 | D:5      | Reached XP level 6. HP: 39/51 MP: 3/10
  5009 | D:5      | Noticed a sky beast
  5452 | D:5      | Reached skill level 5 in Transmutations
  5452 | D:5      | Your scales start taking on a glossy black colour.
  5452 | D:5      | Reached XP level 7. HP: 45/59 MP: 3/11
  5452 | D:5      | Gained mutation: You are resistant to electric shocks. (rElec) [Black Draconian growth]
  5671 | D:5      | Reached skill level 5 in Unarmed Combat
  5928 | D:5      | Learned a level 4 spell: Ice Form
  6355 | D:6      | Found a glowing silver altar of Zin.
  6357 | D:6      | Found Gammoebb's Hallowed Reliquary.
  6363 | D:6      | Noticed an angel
  6533 | D:6      | Found a staircase to the Ecumenical Temple.
  6539 | Temple   | Entered the Ecumenical Temple
  6549 | Temple   | Became a worshipper of Fedhas Madash
  6668 | D:6      | Reached skill level 1 in Ice Magic
  7089 | D:2      | Reached XP level 8. HP: 56/67 MP: 10/12
  7611 | D:6      | Reached skill level 5 in Fighting
  8543 | D:7      | Reached XP level 9. HP: 78/78 MP: 8/13
  8596 | D:7      | Reached * piety under Fedhas
  8670 | D:8      | Noticed Prince Ribbit
  8672 | D:8      | Noticed Grum
  8934 | D:8      | Noticed Tiareth's ghost (novice DESk)
  9353 | D:8      | Killed Grum
  9576 | D:8      | Killed Prince Ribbit
 11655 | D:9      | Noticed a troll
 11939 | D:9      | Noticed Yorethra's ghost (novice GrFi)
 12141 | D:9      | Reached XP level 10. HP: 65/89 MP: 10/14
 12612 | D:9      | Noticed Pikel
 13065 | D:9      | Killed Pikel
 13113 | D:9      | Found a staircase to the Orcish Mines.
 13396 | D:10     | Entered Level 10 of the Dungeon
 13396 | D:10     | Noticed a two-headed ogre
 13752 | D:9      | HP: 3/109 [killer bee (7)]
 13752 | D:9      | Slain by a killer bee

Skill      XL: |  1  2  3  4  5  6  7  8  9 10 |
---------------+-------------------------------+-----
Fighting       | 2 3 4 6 8 9 |  9.2
Transmutations | 3 4 5 6 7 8 9 |  9.5
Spellcasting   | 3 |  3.1
Unarmed Combat | 4 5 6 8 9 |  9.0
Ice Magic      | 1 3 |  3.0
Dodging        | |  1.7

Action                   |  1- 3 |  4- 6 |  7- 9 | 10-12 || total
-------------------------+-------+-------+-------+-------++-------
Melee: Unarmed           |   135 |   169 |   304 |    69 ||   677
       Tailslap          |    10 |    11 |     4 |       ||    25
       Kick              |     6 |    16 |     1 |       ||    23
       Punch             |     4 |     1 |     1 |       ||     6
       Headbutt          |     4 |     4 |     1 |       ||     9
Throw: Stone             |       |    10 |     6 |     6 ||    22
 Cast: Beastly Appendage |    24 |    23 |     6 |       ||    53
       Sticks to Snakes  |     6 |    16 |    12 |     7 ||    41
       Spider Form       |       |    12 |    44 |     4 ||    60
       Ice Form          |       |       |     8 |     5 ||    13
Invok: Fungal Bloom      |       |       |    23 |     7 ||    30
       Evolution         |       |       |     3 |     2 ||     5
 Abil: Breathe Lightning |       |       |     1 |       ||     1
  Use: Scroll            |     2 |     3 |     7 |     2 ||    14
       Potion            |       |       |       |     1 ||     1
 Stab: Sleeping          |     1 |       |     1 |       ||     2
       Distracted        |       |       |       |     1 ||     1
  Eat: Chunk             |     3 |     8 |    14 |     2 ||    27
       Ration            |       |     2 |     5 |     1 ||     8
Armor: Skin              |    30 |    39 |    39 |    33 ||   141
Dodge: Dodged            |    90 |   137 |   265 |    73 ||   565
